SL
TOLEDO TITANS @ PHOENIX HOTSPUR
08/31/2025
 
TOP OF THE 1ST
Toledo Titans batting - Pitching for Phoenix Hotspur : RHP Pedro Valdéz
Pitching: RHP Pedro Valdéz
Batting: RHB Pedro Pérez 0-0: Ball
1-0: Foul Ball, location: 2F
1-1: Ball
2-1: Ground out 5-3 (Groundball, 5S)
Batting: RHB Gerald Clark 0-0: Called Strike
0-1: Ball
1-1: Ball
2-1: Foul Ball, location: 2F
2-2: Fly out, F6 (Line Drive, 6M)
Batting: LHB Yannick Hendriksen 0-0: Ball
1-0: Called Strike
1-1: Ground out 4-3 (Groundball, 4)
Top of the 1st over - 0 run(s), 0 hit(s), 0 error(s), 0 left on base; Toledo 0 - Phoenix 0
BOTTOM OF THE 1ST
Phoenix Hotspur batting - Pitching for Toledo Titans : RHP Manny Caraballo
Pitching: RHP Manny Caraballo
Batting: LHB Noel Ballard 0-0: Ball
1-0: Ball
2-0: Called Strike
2-1: Reached on error, E5 (Groundball, 56)
Batting: RHB Gabriel Pérez 0-0: Called Strike
0-1: Ball
1-1: Fly out, F8 (Flyball, 8RD)
Batting: RHB Cale Sutton 0-0: Ball
1-0: Ball
Wild Pitch!
Noel Ballard to second
2-0: SINGLE (Groundball, 4MD)
Noel Ballard to third
Runner from 3rd tries for Home, SAFE, no throw
Batting: LHB Neil Lawson 0-0: Called Strike
0-1: Called Strike
0-2: Ball
1-2: Foul Ball, location: 2F
1-2: Fielders Choice at 2nd, 1-6 (Groundball, P)
Batting: RHB Raúl Robles 0-0: Ball
1-0: Fielders Choice at 2nd, 5-4 (Groundball, 5)
Bottom of the 1st over - 1 run(s), 1 hit(s), 1 error(s), 0 left on base; Toledo 0 - Phoenix 1
TOP OF THE 2ND
Toledo Titans batting - Pitching for Phoenix Hotspur : RHP Pedro Valdéz
Batting: RHB Enrique Pérez 0-0: Fly out, F5 (Line Drive, 5L)
Batting: LHB Jorge Flores 0-0: Called Strike
0-1: Ball
1-1: Ball
2-1: Called Strike
2-2: Ball
3-2: Foul Ball, location: 2F
3-2: TRIPLE (Line Drive, 3L)
Batting: RHB Kade Knowles 0-0: Ground out 5-3 (Groundball, 56)
Jorge Flores scores
Batting: RHB Alfredo Martínez 0-0: Ball
1-0: Ball
2-0: Foul Ball, location: 2F
2-1: Ball
3-1: Foul Ball, location: 2F
3-2: Foul Ball, location: 2F
3-2: Base on Balls
Batting: RHB Pil-joong Pak 0-0: Ball
1-0: Called Strike
1-1: Swinging Strike
1-2: Ball
2-2: Foul Ball, location: 2F
2-2: Ball
3-2: Foul Ball, location: 2F
3-2: Foul Ball, location: 2F
3-2: Foul Ball, location: 2F
3-2: Foul Ball, location: 2F
3-2: Ground out 5-3 (Groundball, 5)
Top of the 2nd over - 1 run(s), 1 hit(s), 0 error(s), 1 left on base; Toledo 1 - Phoenix 1
BOTTOM OF THE 2ND
Phoenix Hotspur batting - Pitching for Toledo Titans : RHP Manny Caraballo
Batting: RHB Martín Martínez 0-0: Ball
1-0: Ball
2-0: Called Strike
2-1: Foul Ball, location: 2F
2-2: Fly out, F7 (Flyball, 7)
Batting: RHB Luis Muńóz 0-0: Called Strike
0-1: Called Strike
0-2: Ball
1-2: Foul Ball, location: 2F
1-2: Ball
2-2: Foul Ball, location: 2F
2-2: Strikes out swinging
Batting: RHB Randy Rehling 0-0: Ball
1-0: Ground out 5-3 (Groundball, 56)
Bottom of the 2nd over - 0 run(s), 0 hit(s), 0 error(s), 0 left on base; Toledo 1 - Phoenix 1
TOP OF THE 3RD
Toledo Titans batting - Pitching for Phoenix Hotspur : RHP Pedro Valdéz
Batting: RHB Mike Burns 0-0: Swinging Strike
0-1: DOUBLE (Line Drive, 78D)
Batting: RHB Pedro Pérez 0-0: Called Strike
0-1: Foul Ball, location: 2F
0-2: Ball
1-2: Ball
2-2: Strikes out looking
Batting: RHB Gerald Clark 0-0: Ball
1-0: Foul Ball, location: 2F
1-1: Ball
2-1: Ground out 6-3 (Groundball, 6)
Batting: LHB Yannick Hendriksen 0-0: Ball
1-0: Ground out 3-1 (Groundball, 34)
Top of the 3rd over - 0 run(s), 1 hit(s), 0 error(s), 1 left on base; Toledo 1 - Phoenix 1
BOTTOM OF THE 3RD
Phoenix Hotspur batting - Pitching for Toledo Titans : RHP Manny Caraballo
Batting: LHB Shojiro Ueda 0-0: Fly out, F8 (Flyball, 8LM)
Batting: LHB Noel Ballard 0-0: Ball
1-0: Foul Ball, location: 2F
1-1: Ball
2-1: Ball
3-1: Ground out 4-3 (Groundball, 4S)
Batting: RHB Gabriel Pérez 0-0: Foul Ball, location: 2F
0-1: Swinging Strike
0-2: Ball
1-2: Strikes out swinging
Bottom of the 3rd over - 0 run(s), 0 hit(s), 0 error(s), 0 left on base; Toledo 1 - Phoenix 1
TOP OF THE 4TH
Toledo Titans batting - Pitching for Phoenix Hotspur : RHP Pedro Valdéz
Batting: RHB Enrique Pérez 0-0: Called Strike
0-1: Ball
1-1: Ball
2-1: Ball
3-1: Called Strike
3-2: Strikes out swinging
Batting: LHB Jorge Flores 0-0: Called Strike
0-1: Ball
1-1: SINGLE (Groundball, 4MD)
Batting: RHB Kade Knowles 0-0: Ball
1-0: Ball
2-0: Called Strike
2-1: Fly out, F9 (Flyball, 9)
Batting: RHB Alfredo Martínez 0-0: Ball
1-0: Ball
2-0: Foul Ball, location: 2F
2-1: SINGLE (Line Drive, 8RS)
Jorge Flores to second
Batting: RHB Pil-joong Pak 0-0: Ball
1-0: Called Strike
1-1: Called Strike
1-2: Foul Ball, location: 2F
1-2: Ground out 6-3 (Groundball, 6MD)
Top of the 4th over - 0 run(s), 2 hit(s), 0 error(s), 2 left on base; Toledo 1 - Phoenix 1
BOTTOM OF THE 4TH
Phoenix Hotspur batting - Pitching for Toledo Titans : RHP Manny Caraballo
Batting: RHB Cale Sutton 0-0: Ball
1-0: Fly out, F8 (Flyball, 8LD)
Batting: LHB Neil Lawson 0-0: Swinging Strike
0-1: Ball
1-1: Swinging Strike
1-2: Foul Ball, location: 2F
1-2: Ball
2-2: Strikes out looking
Batting: RHB Raúl Robles 0-0: Ball
1-0: Ground out 1-3 (Groundball, 13S)
Bottom of the 4th over - 0 run(s), 0 hit(s), 0 error(s), 0 left on base; Toledo 1 - Phoenix 1
TOP OF THE 5TH
Toledo Titans batting - Pitching for Phoenix Hotspur : RHP Pedro Valdéz
Batting: RHB Mike Burns 0-0: Called Strike
0-1: Foul Ball, location: 2F
0-2: Ball
1-2: Strikes out swinging
Batting: RHB Pedro Pérez 0-0: Ball
1-0: Called Strike
1-1: Foul Ball, location: 2F
1-2: Foul Ball, location: 2F
1-2: Ball
2-2: Fly out, F8 (Flyball, 8RM)
Batting: RHB Gerald Clark 0-0: SINGLE (Groundball, 56D)
Batting: LHB Yannick Hendriksen 0-0: Foul Ball, location: 2F
0-1: Ball
1-1: Called Strike
1-2: Foul Ball, location: 2F
1-2: Ball
2-2: DOUBLE (Groundball, 3L)
Gerald Clark to third
Batting: RHB Enrique Pérez 0-0: Swinging Strike
0-1: Foul Ball, location: 2F
0-2: Strikes out swinging
Top of the 5th over - 0 run(s), 2 hit(s), 0 error(s), 2 left on base; Toledo 1 - Phoenix 1
BOTTOM OF THE 5TH
Phoenix Hotspur batting - Pitching for Toledo Titans : RHP Manny Caraballo
Batting: RHB Martín Martínez 0-0: Called Strike
0-1: Called Strike
0-2: Ball
1-2: Foul Ball, location: 2F
1-2: Fly out, F7 (Flyball, 7S)
Batting: RHB Luis Muńóz 0-0: Ball
1-0: Foul Ball, location: 2F
1-1: Ball
2-1: SINGLE (Flyball, 89S)
Batting: RHB Randy Rehling 0-0: Called Strike
0-1: Swinging Strike
0-2: Ball
1-2: SINGLE (Flyball, 9LM)
Luis Muńóz to second
Batting: LHB Shojiro Ueda 0-0: Swinging Strike
0-1: SINGLE (Flyball, 8RS)
Luis Muńóz to third
Randy Rehling to second
Runner from 3rd tries for Home, SAFE, throw made home
Randy Rehling to third
Shojiro Ueda to second
Batting: LHB Noel Ballard 0-0: Foul Ball, location: 2F
0-1: Ball
1-1: Foul Ball, location: 2F
1-2: Ball
Wild Pitch!
Randy Rehling scores
Shojiro Ueda to third
2-2: Foul Ball, location: 2F
2-2: Foul Ball, location: 2F
2-2: Foul Ball, location: 2F
2-2: Fly out, F7 (Flyball, 7LM)
Runner from 3rd tags up, OUT at HOME
Bottom of the 5th over - 2 run(s), 3 hit(s), 0 error(s), 0 left on base; Toledo 1 - Phoenix 3
TOP OF THE 6TH
Toledo Titans batting - Pitching for Phoenix Hotspur : RHP Pedro Valdéz
Batting: LHB Jorge Flores 0-0: Ball
1-0: Ball
2-0: Ball
3-0: Base on Balls
Pitching: RHP Jesús Olvero
Batting: RHB Kade Knowles 0-0: Ball
1-0: Bunted foul
1-1: Foul Ball, location: 2F
1-2: Fielders Choice at 2nd, 6-4 (Groundball, 6M)
Batting: RHB Alfredo Martínez 0-0: Ball
1-0: Ball
2-0: Foul Ball, location: 2F
2-1: Ball
3-1: Base on Balls
Kade Knowles to second
Batting: RHB Pil-joong Pak 0-0: SINGLE (Line Drive, 56)
Kade Knowles to third
Alfredo Martínez to second
Runner from 3rd tries for Home, SAFE, no throw
Batting: RHB Mike Burns 0-0: Ball
Alfredo Martínez steals 3rd base
Pil-joong Pak to second
1-0: DOUBLE (Line Drive, 7LM)
Alfredo Martínez scores
Pil-joong Pak scores
Pitching: RHP Devin Hinton
Batting: RHB Pedro Pérez 0-0: Called Strike
0-1: SINGLE (Flyball, 9LS)
Mike Burns to third
Runner from 3rd tries for Home, SAFE, no throw
Batting: RHB Gerald Clark 0-0: Ball
1-0: Foul Ball, location: 2F
1-1: Called Strike
1-2: Grounds into double play, 6-4-3 (Groundball, 6)
Top of the 6th over - 4 run(s), 3 hit(s), 0 error(s), 0 left on base; Toledo 5 - Phoenix 3
BOTTOM OF THE 6TH
Phoenix Hotspur batting - Pitching for Toledo Titans : RHP Manny Caraballo
Batting: RHB Gabriel Pérez 0-0: Called Strike
0-1: Foul Ball, location: 2F
0-2: Ball
1-2: Ball
2-2: Ball
3-2: Foul Ball, location: 2F
3-2: SINGLE (Groundball, 56D)
Batting: RHB Cale Sutton 0-0: Ball
1-0: Called Strike
1-1: SINGLE (Groundball, 56D)
Gabriel Pérez to second
Batting: LHB Neil Lawson 0-0: Ball
1-0: Ball
2-0: Fly out, F9 (Flyball, 9S)
Batting: RHB Raúl Robles 0-0: Called Strike
0-1: Called Strike
0-2: Ball
1-2: Ball
2-2: Grounds into double play, 6-4-3 (Groundball, 6)
Bottom of the 6th over - 0 run(s), 2 hit(s), 0 error(s), 1 left on base; Toledo 5 - Phoenix 3
TOP OF THE 7TH
Toledo Titans batting - Pitching for Phoenix Hotspur : RHP Devin Hinton
Batting: LHB Yannick Hendriksen 0-0: Ball
1-0: Foul Ball, location: 2F
1-1: Fly out, F3 (Popup, 3L)
Batting: RHB Enrique Pérez 0-0: Ground out 4-3 (Groundball, 34)
Batting: LHB Jorge Flores 0-0: Swinging Strike
0-1: DOUBLE (Line Drive, 78D)
Batting: RHB Kade Knowles 0-0: SINGLE (Line Drive, 6)
Jorge Flores to third
Runner from 3rd tries for Home, SAFE, no throw
Batting: RHB Alfredo Martínez 0-0: Foul Ball, location: 2F
0-1: Ball
1-1: Foul Ball, location: 2F
1-2: Ball
2-2: Strikes out swinging
Top of the 7th over - 1 run(s), 2 hit(s), 0 error(s), 1 left on base; Toledo 6 - Phoenix 3
BOTTOM OF THE 7TH
Phoenix Hotspur batting - Pitching for Toledo Titans : RHP Manny Caraballo
Batting: RHB Martín Martínez 0-0: Called Strike
0-1: Ball
1-1: Swinging Strike
1-2: Strikes out swinging
Batting: RHB Luis Muńóz 0-0: Ball
1-0: Ball
2-0: Called Strike
2-1: Swinging Strike
2-2: SINGLE (Line Drive, 7S)
Pitching: RHP Billy Crawford
Batting: RHB Randy Rehling 0-0: Called Strike
0-1: SINGLE (Line Drive, 78S)
Luis Muńóz to second
Batting: LHB Shojiro Ueda 0-0: Fielders Choice at 2nd, 5-4 (Groundball, 5)
Luis Muńóz to third
Batting: LHB Noel Ballard 0-0: Ball
1-0: Ball
2-0: SINGLE (Groundball, 4MD)
Luis Muńóz scores
Shojiro Ueda to second
Batting: RHB Gabriel Pérez 0-0: Ball
1-0: Fly out, F6 (Popup, 6)
Bottom of the 7th over - 1 run(s), 3 hit(s), 0 error(s), 2 left on base; Toledo 6 - Phoenix 4
TOP OF THE 8TH
Toledo Titans batting - Pitching for Phoenix Hotspur : RHP Devin Hinton
Batting: RHB Pil-joong Pak 0-0: Called Strike
0-1: SINGLE (Groundball, 56S) (infield hit)
Batting: RHB Mike Burns 0-0: Ball
1-0: Ball
2-0: Bunted foul
2-1: Bunted foul
2-2: Ball
3-2: SINGLE (Groundball, 34D)
Pil-joong Pak to second
Runner from 2nd tries for 3rd, SAFE, throw made to third
Mike Burns to second
Batting: RHB Pedro Pérez 0-0: Called Strike
0-1: Swinging Strike
0-2: Fly out, F9 (Flyball, 9S)
Batting: RHB Gerald Clark 0-0: Swinging Strike
0-1: Called Strike
0-2: Ball
1-2: Ball
2-2: SINGLE (Groundball, 6MD)
Pil-joong Pak scores
Mike Burns to third
Runner from 3rd tries for Home, SAFE, no throw
Pitching: RHP Donald Gregory
Batting: LHB Yannick Hendriksen 0-0: Ball
1-0: Grounds into double play, 1-6-3 (Groundball, 13S)
Top of the 8th over - 2 run(s), 3 hit(s), 0 error(s), 0 left on base; Toledo 8 - Phoenix 4
BOTTOM OF THE 8TH
Phoenix Hotspur batting - Pitching for Toledo Titans : RHP Billy Crawford
Batting: RHB Cale Sutton 0-0: Ground out 4-3 (Groundball, 4)
Batting: LHB Neil Lawson 0-0: Ball
1-0: Ground out 4-3 (Groundball, 34D)
Batting: RHB Raúl Robles 0-0: SINGLE (Flyball, 8RS)
Batting: RHB Martín Martínez 0-0: Swinging Strike
0-1: SINGLE (Groundball, 6MD)
Raúl Robles to second
Pitching: RHP Ricardo Gómez
Batting: RHB Luis Muńóz 0-0: Foul Ball, location: 2F
0-1: Ball
1-1: Foul Ball, location: 2F
1-2: Ball
2-2: Fielders Choice at 2nd, 6-4 (Groundball, 6)
Bottom of the 8th over - 0 run(s), 2 hit(s), 0 error(s), 1 left on base; Toledo 8 - Phoenix 4
TOP OF THE 9TH
Toledo Titans batting - Pitching for Phoenix Hotspur : RHP Donald Gregory
Batting: RHB Enrique Pérez 0-0: Ball
1-0: Ball
2-0: Ground out 1-3 (Groundball, 13S)
Batting: LHB Jorge Flores 0-0: Foul Ball, location: 2F
0-1: Ball
1-1: Called Strike
1-2: Ball
2-2: Strikes out looking
Batting: RHB Kade Knowles 0-0: SINGLE (Groundball, 6MD)
Batting: RHB Alfredo Martínez 0-0: Called Strike
0-1: Ball
1-1: Fly out, F6 (Line Drive, 56)
Top of the 9th over - 0 run(s), 1 hit(s), 0 error(s), 1 left on base; Toledo 8 - Phoenix 4
BOTTOM OF THE 9TH
Phoenix Hotspur batting - Pitching for Toledo Titans : RHP Ricardo Gómez
Batting: RHB Randy Rehling 0-0: Called Strike
0-1: Ball
1-1: Called Strike
1-2: Ball
2-2: Strikes out swinging
Batting: LHB Shojiro Ueda 0-0: Ball
1-0: Called Strike
1-1: SINGLE (Line Drive, 4MD)
Batting: LHB Noel Ballard 0-0: Foul Ball, location: 2F
0-1: Foul Ball, location: 2F
0-2: Ball
1-2: Foul Ball, location: 2F
1-2: Ball
2-2: Grounds into double play, 5-4-3 (Groundball, 56)
Bottom of the 9th over - 0 run(s), 1 hit(s), 0 error(s), 0 left on base; Toledo 8 - Phoenix 4
Friday, December 30th, 2016 - OOTP Baseball 17.12 Build 75